 Dungeon Crawl Stone Soup version 0.24.0-125-gc4c63601f3 (webtiles) character file.

Game seed: 8734902878196083824, levelgen mode: deterministic

104 zedzed the Shield-Bearer (level 4, -22/41 HPs)
             Began as a Hill Orc Fighter on Mar 3, 2020.
             Engulfed by a cloud of flame (35 damage)
             ... on level 2 of the Dungeon.
             The game lasted 00:05:53 (1643 turns).

zedzed the Shield-Bearer (Hill Orc Fighter)         Turns: 1643, Time: 00:05:55

Health: -22/41     AC:  6    Str: 18    XL:     4   Next: 80%
Magic:  4/4        EV:  7    Int:  9    God:
Gold:   69         SH:  9    Dex: 10    Spells: 3/3 levels left

rFire    . . .     SeeInvis .   a - +0 war axe
rCold    . . .     Gourm    .   c - +0 shield
rNeg     . . .     Faith    .   b - +0 scale mail
rPois    .         Spirit   .   (no helmet)
rElec    .         Reflect  .   (no cloak)
rCorr    .         Harm     .   (no gloves)
MR       .....                  (no boots)
Stlth    ..........             (no amulet)
HPRegen  0.13/turn              (no ring)
MPRegen  0.09/turn              (no ring)

@: no status effects
A: no striking features
a: no special abilities


You were on level 2 of the Dungeon.
You were not hungry.

You visited 1 branch of the dungeon, and saw 2 of its levels.

You collected 69 gold pieces.

Inventory:

Hand Weapons
 a - a +0 war axe (weapon)
Missiles
 l - 4 boomerangs
 n - 7 javelins (quivered)
Armour
 b - a +0 scale mail (worn)
 c - a +0 shield (worn)
Scrolls
 e - 3 scrolls of identify {unknown}
 g - a scroll of remove curse {unknown}
Potions
 d - 2 potions of might
 h - a potion of agility {unknown}
 i - a potion of invisibility {unknown}
 k - a potion of ambrosia {unknown}
 m - a potion of curing {unknown}
Comestibles
 f - a ration
 j - 2 chunks of flesh


   Skills:
 + Level 4.3 Fighting
 * Level 4.3 Axes
 * Level 0.7 Throwing
 - Level 3.2 Armour
 * Level 4.4 Shields


You had 3 spell levels left.
You didn't know any spells.
Your spell library was empty.

Dungeon Overview and Level Annotations

Branches:
Dungeon (2/15)

Altars:


Message History

The goblin hits you but does no damage.
You miss the goblin. The goblin hits you with a +0 club.
You block the goblin's attack.
Your shield and scale mail prevent you from hitting the goblin.
You block the goblin's attack.
You closely miss the goblin. The goblin hits you but does no damage.
You closely miss the goblin. The goblin hits you but does no damage.
You hit the goblin.
The goblin is moderately wounded.
The goblin closely misses you. You block the goblin's attack.
You closely miss the goblin.
The goblin is moderately wounded.
You block the goblin's attack.
You hit the goblin.
The goblin explodes!
The fiery explosion engulfs you!!
Ouch! That really hurt!
You are engulfed in blazing flames.
Ouch! That really hurt!
You die...

#)#######.# #####.).....#.#
............'.# #########
.####.......######........
.# #.........†.†.%....... .#
#############÷...####.
.############ #§§.%#
............#####§§..###..
...............)@§§.......
)##########.######.######.##
.# #.#.........!w...# .#
#.....##.#....[..# <# #....
#...#.(...# .# #....
###.#.....# .# #.....
#......... .# #......
.......... .# ..........


There were no monsters in sight!

Vanquished Creatures
  4 gnolls
  3 oozes (D:1)
  2 worms (D:2)
  2 dart slugs (D:1)
  A leopard gecko (D:2)
  A ball python (D:1)
  A giant cockroach (D:2)
  7 goblins
  4 hobgoblins
  2 jackals (D:2)
  4 kobolds
  4 bats
  4 frilled lizards
  4 rats
43 creatures vanquished.

Notes
Turn   | Place    | Note
-------+----------+-------------------------------------------
     0 | D:1      | zedzed the Hill Orc Fighter began the quest for the Orb.
     0 | D:1      | Reached XP level 1. HP: 19/19 MP: 1/1
    21 | D:1      | Reached XP level 2. HP: 24/27 MP: 2/2
   210 | D:1      | Reached XP level 3. HP: 10/33 MP: 3/3
  1151 | D:2      | Reached XP level 4. HP: 40/40 MP: 4/4
  1643 | D:2      | Engulfed by a cloud of flame

Levels and vault maps discovered:
D:1:      mrwooster_arrival_statue, layout_loops_cross, minmay_close_crescents
D:2:      layout_basic, first_ration

Skill      XL: |  1  2  3 |
---------------+----------+-----
Axes           | 3 4 |  4.3
Fighting       | 4 |  4.3
Shields        | 4 |  4.4
Throwing       | |  0.7
Armour         | |  3.2

Action                   |  1- 3 |  4- 6 || total
-------------------------+-------+-------++-------
Melee: War axe           |   108 |    54 ||   162
  Use: Scroll            |       |     1 ||     1
  Eat: Chunk             |     1 |     2 ||     3
Armor: Scale mail        |    40 |    16 ||    56
Dodge: Dodged            |    31 |    10 ||    41
Block: Shield            |    62 |    25 ||    87
